 Dungeon Crawl Stone Soup version 0.30-a0-339-g89bb51ec76 (webtiles) character file.

Game seed: 12553534749959110010

21 Muataran the Chopper (level 2, -4/27 HPs)
             Began as a Hill Orc Monk on Oct 31, 2022.
             Slain by a scorpion (7 damage)
             ... on level 3 of the Dungeon.
             The game lasted 00:01:29 (766 turns).

Muataran the Chopper (Hill Orc Monk)                 Turns: 766, Time: 00:01:30

Health: -4/27      AC:  5    Str: 13    XL:     2   Next: 87%
Magic:  2/2        EV: 11    Int: 10    God:
Gold:   36         SH:  0    Dex: 13    Spells: 1/1 levels left

rFire   . . .      SeeInvis .    a - +0 hand axe
rCold   . . .      Faith    .    (no shield)
rNeg    . . .      Spirit   .    l - +0 ring mail
rPois   .          Reflect  .    (no helmet)
rElec   .          Harm     .    (no cloak)
rCorr   .          Rampage  .    (no gloves)
Will    .....                    (no boots)
Stlth   +.........               (no amulet)
HPRegen 0.24/turn                (no ring)
MPRegen 0.08/turn                (no ring)

@: lethally poisoned (-4 -> -13)
A: no striking features
a: no special abilities


You were on level 3 of the Dungeon.
You visited 1 branch of the dungeon, and saw 3 of its levels.

You collected 36 gold pieces.

Inventory:

Hand Weapons
 a - a +0 hand axe (weapon)
Armour
 b - a +0 robe
 l - a +0 ring mail (worn)
Jewellery
 m - an amulet of faith
Scrolls
 d - a scroll of poison {unknown}
 e - a scroll of enchant weapon {unknown}
 f - 2 scrolls of torment {unknown}
 g - 3 scrolls of enchant armour {unknown}
 j - 3 scrolls of identify {unknown}
Potions
 c - a potion of ambrosia
 h - a potion of attraction {unknown}
 i - a potion of resistance {unknown}
 k - a potion of curing {unknown}


   Skills:
 + Level 3.9 Fighting
 * Level 4.6 Axes
 + Level 0.8 Armour
 - Level 2.5 Dodging
 - Level 1.7 Stealth


You had one spell level left.
You didn't know any spells.
Your spell library contained the following spells:

 Spells                   Type           Power      Damage    Failure   Level
 Slow                     Hex            0%         N/A       63%         1
 Confusing Touch          Hex            0%         N/A       94%         3
 Vampiric Draining        Necr           0%         2d6       94%         3


Dungeon Overview and Level Annotations

Branches:
Dungeon (3/15)

Altars:


Message History

You see here a frilled lizard corpse.
The rat barely misses you.
You closely miss the rat. The rat barely misses you.
You closely miss the rat. The rat bites you but does no damage.
You slash the rat!
You kill the rat!
You see here a rat corpse.
j - 3 scrolls labelled FEORAITUOR (gained 1)
Found a rapier.
A scorpion comes into view.
You see here an amulet of faith.
m - an amulet of faith The scorpion attacks as you move away!
The scorpion stings you but does no damage.
The scorpion attacks as you move away! The scorpion closely misses you.
You hit the scorpion.
The scorpion is lightly wounded.
The scorpion stings you.
You are poisoned.
The scorpion poisons you!
You barely miss the scorpion.
The scorpion is lightly wounded.
You feel very sick.
The scorpion stings you but does no damage.
You barely miss the scorpion.
The scorpion is lightly wounded.
You feel very sick. The scorpion misses you. The scorpion stings you!
You are lethally poisoned!
The scorpion poisons you!
You hit the scorpion.
The scorpion is moderately wounded.
* * * LOW HITPOINT WARNING * * *
You feel very sick.
The scorpion stings you but does no damage.
You hit the scorpion.
The scorpion is moderately wounded.
* * * LOW HITPOINT WARNING * * *
You feel sick. The scorpion stings you!
You die...

...###.........#
#......##.#
#.###....#.##.#
#.).....#.....
##.......##..#
#..##.#.##..#
##.##.......#
#.#s.#.##.##
#.#@##.# ..
#..†...# #
#.....## #.....#
#.....# #....<#
#######


You could see a scorpion.

Vanquished Creatures
  4 ball pythons (D:1)
  5 bats (D:1)
  A goblin (D:1)
  3 hobgoblins (D:1)
  3 kobolds (D:1)
  2 frilled lizards
  2 rats
20 creatures vanquished.

Notes
Turn   | Place    | Note
-------+----------+-------------------------------------------
     0 | D:1      | Muataran the Hill Orc Monk began the quest for the Orb.
     0 | D:1      | Reached XP level 1. HP: 19/19 MP: 1/1
   184 | D:1      | Reached XP level 2. HP: 3/27 MP: 2/2
   748 | D:3      | Noticed a scorpion
   766 | D:3      | Slain by a scorpion

Illustrated notes

Levels and vault maps discovered:
D:1:      sevenhm_arrival_forest_fort_large_2, layout_rooms
D:2:      layout_basic, uniq_jessica
D:3:      minmay_roachtagon, layout_loops_cross, serial_rivers,
          chequers_serial_rivers_micro_b, chequers_serial_rivers_micro_a,
          chequers_serial_rivers_room_b, chequers_serial_rivers_large_b

Action                   || total
-------------------------++-------
Melee: Hand axe          ||    77
       Punch             ||     1
 Stab: Sleeping          ||     1
Armor: Robe              ||    18
       Ring mail         ||     4
Dodge: Dodged            ||    62

Table legend: (Time is in decaauts)
 A = Elapsed time spent in this place.
 B = Non-inter-level travel time spent in this place.
 C = Inter-level travel time spent in this place.
 D = Time resting spent in this place.
 E = Time spent auto-exploring this place.
 F = Levels seen in this place.
 G = Mean time per level.
                   A        B        C        D        E       F      G
               +--------+--------+--------+--------+--------+-----+--------+
         Total |    771 |    755 |     16 |    103 |    436 |   3 |  257.0 |
       Dungeon |    771 |    755 |     16 |    103 |    436 |   3 |  257.0 |
               +--------+--------+--------+--------+--------+-----+--------+

Top non-repeatable levels by time:
     D:1: 670 daAuts
     D:2: 56 daAuts
     D:3: 44 daAuts
